Map: Thunderbird LE

Players

HellraiseR - Winner!

  • Race: Protoss Protoss
  • Spawn Location: 5:00

AqueroN

  • Race: Terran Terran
  • League: Grandmaster
  • Spawn Location: 11:00

Event: NationWars 2019

VOD

Have the link to the VOD?

Description

Time

  • Played on: Sept. 30, 2019, 11 a.m.
  • Length: 11:30
Show
View Real Time Build Order
Export as new Build Order

HellraiseR Protoss - Winner!

Build Orders: 1 Gate Expand, Oracle Opening 

Get SALT Encoding   

  12  0:00  Probe  
  13  0:12  Probe  
  14  0:17  Pylon  
  14  0:24  Probe (Chrono Boost)  
  15  0:37  Probe (Chrono Boost)  
  15  0:38  Gateway  
  16  0:43  Probe (Chrono Boost)  
  16  0:47  Assimilator  
  17  0:51  Probe  
  18  1:03  Probe  
  19  1:22  Nexus  
  19  1:24  Probe  
  20  1:34  Cybernetics Core  
  20  1:38  Probe  
  21  1:43  Assimilator  
  21  1:50  Probe  
  21  1:53  Pylon  
  22  2:02  Probe (Chrono Boost)  
  23  2:08  Adept (Chrono Boost)  
  23  2:14  Probe (Chrono Boost)  
  26  2:17  Stargate  
  26  2:20  Probe (Chrono Boost)  
  27  2:29  Warp Gate  
  27  2:32  Probe (Chrono Boost)  
  27  2:34  Adept  
  27  2:36  Probe (Chrono Boost)  
  32  2:46  Probe (Chrono Boost)  
  32  2:47  Probe (Chrono Boost)  
  33  2:51  Probe (Chrono Boost)  
  33  2:54  Probe  
  35  2:59  Oracle (Chrono Boost)  
  35  3:02  Probe  
  27  3:05  Adept  
  39  3:06  Probe  
  42  3:13  Pylon  
  42  3:14  Probe  
  42  3:19  Probe  
  44  3:23  Gateway  
  44  3:29  Gateway  
  44  3:31  Oracle (Chrono Boost)  
  47  3:36  Probe  
  47  3:38  Probe  
  49  3:45  Pylon  
  49  3:48  Probe  
  50  3:50  Probe  
  51  4:00  Probe  
  51  4:02  Oracle, Probe  
  53  4:06  Assimilator  
  54  4:12  Probe  
  54  4:15  Probe  
  55  4:18  Adept  
  55  4:19  Adept  
  55  4:23  Adept  
  61  4:24  Probe  
  61  4:26  Nexus  
  62  4:33  Pylon  
  62  4:51  Probe x2, Twilight Council  
  62  4:52  Pylon, Forge  
  64  4:53  Stalker  
  64  5:03  Probe x2  
  63  5:08  Oracle (Chrono Boost)  
  63  5:13  Shield Battery  
  64  5:14  Shield Battery  
  64  5:15  Probe x2  
  62  5:25  Stalker x3  
  62  5:27  Probe (Chrono Boost)  
  64  5:30  Probe (Chrono Boost)  
  64  5:35  Protoss Ground Weapons Level 1 (Chrono Boost)  
  55  5:36  Blink (Chrono Boost)  
  55  5:39  Probe (Chrono Boost)  
  56  5:45  Probe (Chrono Boost)  
  56  5:46  Probe (Chrono Boost)  
  56  5:52  Probe  
  56  5:53  Probe  
  56  6:00  Probe  
  57  6:04  Probe  
  57  6:05  Probe  
  57  6:08  Phoenix (Chrono Boost)  
  61  6:12  Probe  
  61  6:16  Probe  
  61  6:17  Probe  
  64  6:24  Phoenix (Chrono Boost), Probe  
  65  6:28  Probe  
  65  6:30  Probe  
  69  6:36  Probe, Gateway x2  
  69  6:38  Gateway  
  70  6:41  Sentry x2  
  70  6:43  Stalker, Probe  
  77  6:47  Probe  
  77  6:48  Pylon  
  77  6:49  Probe  
  79  6:56  Probe  
  79  6:59  Probe  
  79  7:01  Probe  
  79  7:06  Gateway  
  79  7:08  Probe, Gateway  
  80  7:10  Sentry  
  80  7:12  Shield Battery  
  80  7:13  Probe  
  80  7:15  Photon Cannon  
  83  7:16  Stalker x2  
  83  7:22  Probe x2  
  89  7:23  Protoss Ground Armor Level 1 (Chrono Boost)  
  89  7:24  Photon Cannon  
  89  7:25  Probe  
  89  7:29  Charge (Chrono Boost)  
  90  7:38  Pylon  
  90  7:40  Pylon, Zealot x2  
  90  7:41  Zealot  
  96  7:46  Zealot x2  
  95  8:00  Zealot  
  95  8:05  Zealot x5  
  107  8:09  Pylon  
  107  8:11  Pylon  
  107  8:19  Zealot x2  
  109  8:22  Zealot  
  109  8:26  Stalker x4  
  117  8:36  Stalker, Probe  
  117  8:38  Probe  
  117  8:39  Probe  
  109  8:41  Stalker x2  
  109  8:42  Stalker  
  109  8:48  Probe  
  106  8:50  Probe  
  106  8:51  Probe  
  106  9:00  Probe  
Show
View Real Time Build Order
Export as new Build Order

AqueroN Terran 

Build Orders: Banshee Rush 

Get SALT Encoding   

  12  0:00  SCV  
  13  0:12  SCV  
  14  0:17  Supply Depot  
  14  0:25  SCV  
  15  0:38  SCV  
  15  0:39  Barracks  
  16  0:44  Refinery  
  16  0:50  SCV  
  17  1:02  SCV  
  18  1:15  SCV  
  19  1:28  Orbital Command  
  19  1:30  Barracks Reactor  
  19  1:43  Command Center  
  19  1:54  Supply Depot  
  19  1:55  SCV  
  20  2:06  Marine x2  
  20  2:07  SCV  
  23  2:14  Factory  
  23  2:20  SCV  
  24  2:24  Marine x2  
  26  2:31  Refinery  
  26  2:32  SCV  
  27  2:46  SCV  
  28  2:55  Orbital Command  
  28  3:00  Starport  
  28  3:01  SCV  
  28  3:04  Hellion x2  
  33  3:13  SCV  
  33  3:15  Barracks Tech Lab  
  34  3:23  SCV  
  34  3:26  Hellion x2  
  39  3:29  SCV  
  39  3:30  Supply Depot  
  40  3:40  SCV  
  41  3:41  Cloaking Field  
  41  3:42  Banshee  
  41  3:46  Barracks Tech Lab  
  41  3:47  Widow Mine  
  46  3:51  Supply Depot  
  46  3:52  SCV  
  46  3:53  SCV  
  46  4:04  SCV  
  46  4:05  SCV  
  46  4:16  SCV  
  47  4:17  Marine x2  
  47  4:18  Cyclone  
  47  4:22  SCV  
  53  4:24  Banshee  
  53  4:28  SCV  
  57  4:35  Marine x2  
  57  4:39  Barracks  
  57  4:40  Barracks, SCV x2  
  57  4:50  Cyclone, Supply Depot  
  60  4:53  Marine x2  
  60  4:58  SCV  
  60  5:03  SCV  
  55  5:10  SCV  
  55  5:11  Marine x2  
  53  5:14  Raven  
  53  5:17  SCV  
  51  5:22  SCV  
  49  5:28  Marine x2  
  49  5:30  SCV  
  49  5:34  SCV  
  54  5:45  SCV  
  54  5:46  Marine x2  
  54  5:51  SCV  
  55  5:57  SCV  
  55  5:58  Siege Tank  
  55  6:02  Marine  
  53  6:04  Marine x2  
  53  6:05  SCV  
  53  6:09  SCV  
  57  6:13  Stimpack, Marine  
  57  6:17  SCV  
  59  6:18  Barracks  
  59  6:19  Barracks  
  59  6:20  Marine  
  59  6:21  SCV, Starport Reactor  
  59  6:22  Marine  
  59  6:25  Engineering Bay, Refinery  
  62  6:26  Marine  
  62  6:29  SCV  
  62  6:31  Siege Tank  
  67  6:37  SCV  
  68  6:41  SCV, Supply Depot  
  68  6:43  Supply Depot  
  68  6:45  Marine x2  
  71  6:47  Marine x2  
  71  6:51  Refinery  
  71  6:52  SCV  
  73  6:58  Missile Turret  
  73  6:59  Medivac  
  73  7:00  Medivac  
  77  7:03  Supply Depot  
  77  7:04  SCV x2  
  77  7:06  Marine x2  
  77  7:07  Marine  
  82  7:09  Marine  
  82  7:10  Marine  
  82  7:15  Marine  
  84  7:17  Siege Tank  
  88  7:24  Marine x2  
  88  7:25  Marine  
  88  7:27  Marine  
  88  7:28  Marine  
  93  7:33  Marine  
  91  7:42  Medivac, Marine x2  
  91  7:43  Medivac, Marine  
  93  7:52  Marine x2  
  93  7:53  Marine  
  92  8:10  Marine x2  
  92  8:11  Marine  
  92  8:19  Marine x2  
  90  8:27  Marine  
  81  8:39  Marine  
  48  8:44  Marine  
Tags
 
Add a new tag
Caveats
  • Supply blocks, unpowered buildings, or Contaminate may cause inaccurate times.
  • Supply counts are checked every 10 seconds.